 Dungeon Crawl Stone Soup version 0.28.0-53-g5a82cb258f (webtiles) character file.

Game seed: 3480735744199548112

48 Zeld the Chiller (level 3, 0/24 HPs)
             Began as a Merfolk Ice Elementalist on June 12, 2022.
             Slain by an adder (2 damage)
             ... on level 2 of the Dungeon.
             The game lasted 00:02:04 (1994 turns).

Zeld the Chiller (Merfolk Ice Elementalist)         Turns: 1994, Time: 00:02:04

Health: 0/24       AC:  3    Str:  8    XL:     3   Next: 72%
Magic:  6/6        EV: 13    Int: 16    God:
Gold:   67         SH:  0    Dex: 14    Spells: 0/7 levels left

rFire   . . .      SeeInvis .   i - +2 dagger (venom)
rCold   . . .      Faith    .   (no shield)
rNeg    . . .      Spirit   .   a - +0 robe
rPois   .          Reflect  .   (no helmet)
rElec   .          Harm     .   (no cloak)
rCorr   .          Rampage  .   f - +0 pair of gloves
Will    .....                   (no boots)
Stlth   ++........              (no amulet)
HPRegen 0.08/turn               (no ring)
MPRegen 0.10/turn               (no ring)

@: brilliant, lethally poisoned (0 -> -6)
A: (nimble swimmer 2), mertail
a: no special abilities


You were on level 2 of the Dungeon.
You visited 1 branch of the dungeon, and saw 2 of its levels.

You collected 67 gold pieces.

Inventory:

Hand Weapons
 i - a +2 dagger of venom (weapon)
Armour
 a - a +0 robe (worn)
 f - a +0 pair of gloves (worn)
Wands
 e - a wand of flame (18)
Potions
 c - a potion of might
 d - a potion of mutation {unknown}
 g - a potion of degeneration {unknown}
 h - a potion of heal wounds {unknown}


   Skills:
 + Level 3.3 Dodging
 + Level 2.7 Stealth
 * Level 2.6 Spellcasting
 * Level 4.9 Ice Magic


You couldn't memorise any spells.
You knew the following spells:

 Your Spells              Type           Power      Damage    Failure   Level
a - Freeze                Ice            100%       1d11      2%          1
b - Frozen Ramparts       Ice            52%        1d7       8%          3
c - Ozocubu's Armour      Ice            26%        N/A       8%          3

Your spell library contained the following spells:

 Spells                   Type           Power      Damage    Failure   Level
 Hailstorm                Conj/Ice       15%        3d5       56%         4


Dungeon Overview and Level Annotations

Branches:
Dungeon (2/15)

Altars:


Innate Abilities, Weirdness & Mutations

((You are very nimble when in or above water. (Stealth+, EV+, Speed+++)))
Your lower body shifts to a powerful aquatic tail in water.


Message History

The helpless giant cockroach fails to defend itself.
You puncture the giant cockroach!
You kill the giant cockroach!
Key pressed, stopping explore.
No target in view!
No target in view!
No target in view!
You now have 67 gold pieces (gained 10).
An adder comes into view.
Found a scroll labelled ZAIPHO USICEE.
Search for what [Enter for "armor", or ? for help]?
The adder hisses angrily.
You hit the adder but do no damage.
The adder is poisoned.
The adder bites you.
You are poisoned.
The adder poisons you! The adder bites you.
You are more poisoned.
The adder poisons you!
You barely miss the adder.
You feel very sick. The adder barely misses you.
You hit the adder.
The adder is moderately wounded.
You feel sick. The adder bites you.
You are lethally poisoned!
The adder poisons you!
You closely miss the adder.
The adder is moderately wounded.
You feel very sick. The adder misses you.
The adder bites you but does no damage.
You hit the adder but do no damage.
The adder looks as sick as possible!
The adder is heavily wounded.
You feel sick. The adder bites you.
* * * LOW HITPOINT WARNING * * *
There is a lethal amount of poison in your body!
You are too injured to fight recklessly!
It was a potion of brilliance.
You feel clever all of a sudden.
* * * LOW HITPOINT WARNING * * *
You feel sick. The adder bites you.
You die...

........#.##..####.......#
.......(#.##.......###.#.#
....#+######.####..# #...#
....# #.# #.########
....#+######.####....#
.....................#
###...........######.#
#...........######.##
###+###.......@S....#
..........?......#
.................#
#...#.#...#......#
.#.#...#.#.......#
..#.....#...#....#
..#..... ..#.....# #.....
##...#..#


You could see an adder (extremely poisoned).

Vanquished Creatures
  An adder (D:2)
  A gnoll (D:2)
  4 ball pythons (D:1)
  5 endoplasms
  2 giant cockroaches (D:2)
  3 goblins
  2 hobgoblins (D:1)
  4 kobolds
  A bat (D:1)
  A frilled lizard (D:1)
  4 rats (D:2)
28 creatures vanquished.

Notes
Turn   | Place    | Note
-------+----------+-------------------------------------------
     0 | D:1      | Zeld the Merfolk Ice Elementalist began the quest for the
                  | Orb.
     0 | D:1      | Reached XP level 1. HP: 13/13 MP: 3/3
   350 | D:1      | Reached XP level 2. HP: 19/19 MP: 3/5
  1213 | D:2      | Reached XP level 3. HP: 14/24 MP: 0/6
  1222 | D:2      | Learned a level 3 spell: Frozen Ramparts
  1413 | D:2      | Learned a level 3 spell: Ozocubu's Armour
  1485 | D:2      | HP: 1/36 [poisoned by a goblin]
  1829 | D:2      | Found a faded altar of an unknown god.
  1994 | D:2      | Slain by an adder

Illustrated notes

Levels and vault maps discovered:
D:1:      dpeg_arrival_windows_large_door, layout_basic,
          nicolae_figureground_pulse
D:2:      layout_basic, ebering_ecumenical_altar_rust, minmay_splitting_lines,
          chequers_serial_rivers_marsh, minmay_small_reverse_x

Skill      XL: |  1  2 |
---------------+-------+-----
Dodging        | 3 |  3.3
Stealth        | |  2.7
Spellcasting   | |  2.6
Ice Magic      | |  4.9

Action                   || total
-------------------------++-------
Melee: Unarmed           ||    21
       Dagger            ||     6
 Cast: Freeze            ||    38
       Frozen Ramparts   ||     1
  Use: Potion            ||     3
 Stab: Sleeping          ||     2
Armor: Robe              ||    10
Dodge: Dodged            ||    42
